 Dungeon Crawl Stone Soup version 0.29.1-15-g9cfb28693d (webtiles) character file.

Game seed: 5012028288616717987

589 Descartes the Covert (level 7, -1/30 (37) HPs)
             Began as a Spriggan Delver on Mar 21, 2023.
             Shot with an arrow by a centaur (14 damage)
             ... on level 5 of the Dungeon.
             The game lasted 00:13:18 (8072 turns).

Descartes the Covert (Spriggan Delver)              Turns: 8072, Time: 00:13:18

HP:   -1/30 (37)    AC:  3    Str: 10    XL:     7   Next: 15%
MP:   2/2           EV: 19    Int: 12    God:
Gold: 226           SH:  0    Dex: 16    Spells: 6/6 levels left

rFire   . . .      SeeInvis +   u - +2 dagger (antimagic)
rCold   + . .      Faith    .   (no shield)
rNeg    . . .      Spirit   .   b - +0 robe
rPois   .          Reflect  .   (helmet restricted)
rElec   .          Harm     .   v - +0 cloak
rCorr   +          Rampage  .   (gloves unavailable)
Will    +....                   (boots unavailable)
Stlth   ++++......              (no amulet)
HPRegen 0.10/turn               m - ring of Leump {rC+ rCorr SInv}
MPRegen 0.08/turn               (no ring)

@: heavily drained, very quick
A: very small, no large weapons, unfitting armour, see invisible, speed 3
a: no special abilities


You were on level 5 of the Dungeon.
You visited 1 branch of the dungeon, and saw 5 of its levels.

You collected 226 gold pieces.

Inventory:

Hand Weapons
 a - a +0 short sword
 u - a +2 antimagic dagger (weapon)
Missiles
 A - 2 poisoned darts (quivered)
 C - a throwing net
Armour
 b - a +0 robe (worn)
 i - a +0 buckler
 v - a +0 cloak (worn)
Jewellery
 m - the ring of Leump (left hand) {rC+ rCorr SInv}
   (You found it on level 3 of the Dungeon)

   [ring of resist corrosion]

   rC:        It protects you from cold.
   SInv:      It lets you see invisible.
   rCorr:     It protects you from acid and corrosion.
 z - a ring of ice
 B - a +4 ring of protection
Wands
 g - a wand of digging (3)
 h - a wand of flame (25)
Scrolls
 c - a scroll of fog
 d - a scroll of magic mapping
 e - 2 scrolls of fear
 j - 4 scrolls of teleportation {unknown}
 k - 2 scrolls of enchant armour {unknown}
 l - 7 scrolls of identify {unknown}
 r - a scroll of vulnerability {unknown}
 s - 3 scrolls of noise {unknown}
 w - a scroll of blinking {unknown}
 y - 2 scrolls of poison {unknown}
 D - a scroll of summoning {unknown}
 E - a scroll of immolation {unknown}
Potions
 f - 3 potions of haste
 n - a potion of heal wounds {unknown}
 o - 3 potions of curing {unknown}
 p - 2 potions of magic {unknown}
 q - a potion of degeneration {unknown}
 t - a potion of lignification {unknown}
 x - a potion of attraction {unknown}


   Skills:
 + Level 3.9 Fighting
 + Level 4.4 Short Blades
 + Level 5.4 Dodging
 - Level 10.0 Stealth


You had 6 spell levels left.
You didn't know any spells.
Your spell library was empty.

Dungeon Overview and Level Annotations

Branches:
Dungeon (5/15)
 Temple: D:4-7

Altars:
Elyvilon
Nemelex Xobeh

Shops:
D:1 ?   D:2 =(?

Annotations:
D:3 2 transporters


Innate Abilities, Weirdness & Mutations

You are very small and have problems with some larger weapons.
You are too small for most types of armour.
You have supernaturally acute eyesight. (SInv)
You cover ground extremely quickly. (Speed+++)


Message History

You are too injured to fight recklessly!
You are too injured to fight recklessly!
You are too injured to fight recklessly!
You are too injured to fight recklessly!
You are too injured to fight recklessly!
You are too injured to fight recklessly!
You are too injured to fight recklessly!
You are too injured to fight recklessly!
There is a stone staircase leading up here.
You climb upwards.
Level annotation: 2 transporters
There is a stone staircase leading down here.
The shadow imp disappears for a moment.
The shadow imp picks up a beetle and eats it.
The shadow imp sputters.
The shadow imp grinds its teeth.
The shadow imp shouts, "Away with thee, thou odious tardy-gaited hugger-mugger!"
The shadow imp sputters.
The shadow imp picks up a beetle and eats it.
The shadow imp shouts, "Accept thy doom, thou erky fool-headed beggar!"
The shadow imp shouts, "Begone, thou odious toad-spotted pignut!"
HP restored.
Partly explored, unvisited transporter.
You climb downwards.
There is a stone staircase leading up here.
You see here a +0 robe.
Things that are here:
a +0 scale mail; a +0 flail You see here a +0 dagger.
Done exploring.
Done exploring.
You see here a +0 ring mail.
There is a stone staircase leading down, spattered with blood here.
You climb downwards.
The centaur shoots an arrow.
The arrow hits you.
The centaur shoots an arrow.
The arrow completely misses you.
There is a stone staircase leading up, spattered with blood here.
The centaur shoots an arrow.
The arrow completely misses you.
The centaur shoots an arrow.
The arrow hits you!
The centaur shoots an arrow.
The arrow hits you!
You die...

...# #.##.# ###
..... #.##.#...
.....####.##.#..#
..o..'.##.##.#..#
#.c..##.#..#
####o.#....####
#c.........#
###....###.
#..>..@# #.#..#.#
#.#....# #.#.####
#.#.. #.### #.#
#.# #.#


You could see a centaur and an orc wizard.

Vanquished Creatures
  An ice beast (D:4)
  2 ogres (D:4)
  A scorpion (D:4)
  A hound (D:4)
  Jessica (D:2)
  Terence (D:3)
  2 orc wizards (D:3)
  A gnoll (D:4)
  5 adders
  9 orcs
  3 ball pythons
  8 endoplasms
  3 giant cockroaches (D:1)
  5 goblins
  5 hobgoblins
  A jackal (D:4)
  7 kobolds
  9 quokkas
  4 bats
  A frilled lizard (D:2)
  9 rats
79 creatures vanquished.

Vanquished Creatures (others)
  A bush (D:4)
1 creature vanquished.

Grand Total: 80 creatures vanquished

Notes
Turn   | Place    | Note
-------+----------+-------------------------------------------
     0 | D:5      | Descartes the Spriggan Delver began the quest for the Orb.
     0 | D:5      | Reached XP level 1. HP: 11/11 MP: 2/2
    14 | D:5      | Noticed an orc wizard
    14 | D:5      | Noticed an orc wizard
    14 | D:5      | Noticed a centaur
    26 | D:4      | Noticed an ogre
    27 | D:4      | Killed an ogre
    28 | D:4      | Reached XP level 2. HP: 16/16 MP: 3/3
    28 | D:4      | Reached XP level 3. HP: 19/19 MP: 4/4
    28 | D:4      | Reached XP level 4. HP: 23/23 MP: 5/5
    56 | D:4      | Reached skill level 8 in Stealth
   356 | D:3      | Identified the ring of Leump {rC+ rCorr SInv}
   507 | D:2      | Found Oquq's Weapon Boutique.
   508 | D:2      | Found a sparkling altar of Nemelex Xobeh.
  1212 | D:1      | Found Ycred's Magic Scroll Emporium.
  1907 | D:2      | Reached XP level 5. HP: 28/28 MP: 2/6
  1959 | D:2      | Noticed Jessica
  1971 | D:2      | Killed Jessica
  2354 | D:2      | Found Hilixu's Magic Scroll Shoppe.
  2557 | D:2      | Identified the +8 dagger "Rureule" {protect, rElec rC- MP+9
                  | Int+2}
  2636 | D:2      | Found Kingyit's Jewellery Shop.
  2972 | D:3      | Found a transporter.
  3056 | D:3      | Found a transporter.
  3502 | D:3      | Noticed Terence
  3537 | D:3      | Killed Terence
  3984 | D:3      | Reached skill level 9 in Stealth
  3984 | D:3      | Reached XP level 6. HP: 32/32 MP: 2/7
  4410 | D:3      | Found a transporter.
  4415 | D:3      | Found a transporter.
  5019 | D:4      | Found a white marble altar of Elyvilon.
  5908 | D:4      | Noticed an ice beast
  5913 | D:4      | Killed an ice beast
  5914 | D:4      | Reached skill level 5 in Dodging
  6062 | D:4      | Reached XP level 7. HP: 31/37 MP: 2/8
  6206 | D:4      | Reached skill level 10 in Stealth
  7499 | D:4      | Found a white marble altar of Elyvilon.
  8072 | D:5      | Shot with an arrow by a centaur

Illustrated notes

Levels and vault maps discovered:
D:1:      lemuel_arrival_behind_the_door_small, layout_loops_corners,
          serial_shops, shop_scrolls
D:2:      layout_basic, serial_shops, nicolae_square_shop,
          nicolae_shop_bloodbath_and_beyond, nicolae_shop_hallway_plus,
          basic_altar, uniq_jessica
D:3:      gammafunk_wand_slinger, layout_loops_ring, uniq_terence
D:4:      minmay_spotlight, layout_loops_ring, elyvilon_altar_1,
          chequers_serial_rivers_small_b
D:5:      layout_basic, biasface_ghost_orc_armoury, serial_shops, shop

Skill      XL: |  1  2  3  4  5  6  7 |
---------------+----------------------+-----
Short Blades   | 3 4 |  4.4
Dodging        | 3 4 5 |  5.4
Fighting       | 3 |  3.9
Stealth        | 8 9 10 | 10.0

Action                   |  1- 3 |  4- 6 |  7- 9 || total
-------------------------+-------+-------+-------++-------
Melee: Short sword       |     1 |    99 |       ||   100
       Dagger            |       |   237 |    31 ||   268
       Punch             |       |     3 |     1 ||     4
 Stab: Sleeping          |     1 |    23 |     1 ||    25
       Distracted        |       |     3 |       ||     3
Armor: Robe              |       |    39 |       ||    39
Dodge: Dodged            |     1 |   212 |    28 ||   241
